Map: Jagannatha LE

Players

SkiZzy

  • Race: Protoss Protoss
  • League: Master

ViBE - Winner!

  • Race: Zerg Zerg
  • League: Master

VOD

Have the link to the VOD?

Description

Time

  • Played on: May 4, 2021, 7:35 p.m.
  • Length: 13:40
Show
View Real Time Build Order
Export as new Build Order

SkiZzy Protoss 

Build Orders: 1 Gate Expand, Carriers 

Get SALT Encoding   

  12  0:00  Probe (Chrono Boost)  
  13  0:10  Probe (Chrono Boost)  
  14  0:15  Probe (Chrono Boost)  
  15  0:23  Pylon  
  15  0:41  Probe  
  16  0:42  Gateway  
  16  0:51  Assimilator  
  16  0:53  Probe  
  18  1:17  Nexus  
  17  1:20  Probe  
  18  1:33  Cybernetics Core  
  18  1:37  Zealot  
  20  1:41  Probe  
  21  1:48  Pylon  
  21  1:53  Probe  
  22  1:59  Assimilator  
  22  2:05  Probe  
  23  2:13  Gateway  
  23  2:23  Probe  
  23  2:25  Stalker  
  26  2:35  Probe  
  26  2:36  Probe  
  28  2:37  Warp Gate  
  28  2:47  Probe  
  28  2:49  Probe, Shield Battery  
  30  2:54  Pylon  
  30  2:59  Probe  
  30  3:02  Probe  
  32  3:12  Stargate  
  32  3:13  Probe  
  33  3:20  Probe  
  33  3:25  Probe, Pylon  
  35  3:33  Probe  
  36  3:37  Probe  
  37  3:47  Nexus  
  37  3:50  Probe  
  37  3:51  Probe  
  37  3:53  Void Ray  
  43  4:04  Assimilator  
  43  4:05  Probe  
  43  4:06  Probe  
  45  4:16  Forge  
  45  4:18  Probe  
  45  4:19  Pylon  
  46  4:26  Adept x2  
  46  4:28  Probe  
  46  4:30  Probe  
  52  4:35  Assimilator  
  52  4:40  Probe  
  52  4:43  Probe  
  54  4:49  Fleet Beacon  
  54  4:54  Photon Cannon  
  52  5:15  Protoss Air Weapons Level 1  
  52  5:16  Void Ray (Chrono Boost)  
  50  5:21  Stargate  
  50  5:24  Probe x3  
  57  5:30  Photon Cannon  
  57  5:32  Shield Battery, Stalker  
  57  5:33  Shield Battery  
  59  5:38  Probe x3  
  62  5:50  Probe x3  
  62  5:53  Tempest (Chrono Boost)  
  70  6:01  Pylon  
  70  6:02  Probe x2  
  70  6:03  Probe, Pylon  
  73  6:04  Pylon  
  73  6:09  Tempest (Chrono Boost)  
  73  6:16  Probe x2  
  73  6:17  Probe  
  81  6:23  Photon Cannon  
  81  6:24  Shield Battery  
  81  6:51  Carrier x2  
  93  6:54  Stalker x2  
  93  6:58  Assimilator  
  93  6:59  Pylon  
  97  7:01  Assimilator  
  97  7:03  Gateway  
  97  7:06  Gateway  
  97  7:07  Gateway  
  99  7:08  Probe x3  
  100  7:18  Stalker x2  
  104  7:26  Probe x3  
  107  7:33  Protoss Air Weapons Level 2 (Chrono Boost)  
  107  7:49  Probe x3  
  110  7:52  Stalker x2  
  114  8:22  Carrier (Chrono Boost)  
  114  8:25  Zealot  
  117  8:28  Protoss Ground Weapons Level 1 (Chrono Boost)  
  117  8:32  Pylon  
  117  8:33  Pylon x2  
  117  8:34  Pylon  
  117  8:35  Pylon x2  
  117  8:37  Pylon  
  117  8:38  Gateway  
  117  8:39  Twilight Council  
  117  8:41  Gateway  
  117  8:47  Mothership (Chrono Boost)  
  117  8:55  Carrier (Chrono Boost)  
  131  9:03  Zealot x4  
  131  9:04  Nexus  
  131  9:07  Pylon  
  131  9:09  Pylon  
  139  9:11  Pylon  
  139  9:13  Pylon  
  139  9:17  Assimilator  
  139  9:21  Zealot  
  139  9:22  Assimilator  
  141  9:26  Carrier  
  147  9:34  Zealot  
  147  9:35  Zealot x4  
  149  9:41  Sentry  
  150  9:46  Stalker  
  150  9:47  Charge (Chrono Boost), Shield Battery  
  150  9:48  Shield Battery  
  150  9:50  Shield Battery  
  152  9:57  Carrier  
  158  10:04  Protoss Air Weapons Level 3 (Chrono Boost), Zealot x6  
  170  10:20  Zealot  
  168  10:27  Zealot x6  
  126  10:45  Zealot  
  122  10:52  Zealot x5  
  122  10:53  Zealot  
  128  10:58  Carrier  
  128  11:02  Protoss Ground Weapons Level 2 (Chrono Boost)  
  134  11:05  Carrier  
  140  11:18  Gateway  
  140  11:21  Gateway  
  140  11:27  Nexus  
  114  11:59  Zealot x7  
  116  12:03  Carrier  
  116  12:07  Carrier  
  120  12:20  Pylon  
  120  12:22  Zealot x2  
  120  12:23  Zealot  
  120  12:24  Pylon, Sentry x2  
  120  12:29  Zealot  
  132  12:42  Photon Cannon  
  132  12:44  Photon Cannon  
  132  12:46  Photon Cannon  
  132  12:49  Shield Battery  
  132  12:51  Shield Battery  
  132  12:55  Zealot x2  
  122  13:05  Zealot x3  
  116  13:10  Zealot x2  
  88  13:20  Zealot x3  
Show
View Real Time Build Order
Export as new Build Order

ViBE Zerg - Winner!

Build Orders: Hatch First 

Get SALT Encoding   

  12  0:00  Drone  
  13  0:12  Overlord  
  13  0:16  Drone  
  14  0:31  Drone x2  
  16  0:50  Hatchery  
  16  0:53  Drone  
  16  0:56  Drone  
  17  1:02  Drone  
  18  1:11  Extractor  
  17  1:15  Spawning Pool  
  16  1:19  Drone  
  16  1:24  Drone  
  18  1:28  Drone  
  19  1:45  Overlord  
  19  1:55  Drone  
  20  2:03  Drone x2, Queen x2  
  26  2:11  Drone  
  26  2:15  Drone  
  28  2:23  Drone  
  28  2:24  Drone  
  28  2:26  Metabolic Boost  
  30  2:34  Overlord  
  30  2:39  Drone  
  30  2:42  Queen  
  33  2:51  Drone x2  
  34  2:54  Drone  
  34  2:58  Hatchery  
  35  3:03  Drone  
  36  3:16  Drone x5  
  41  3:25  Roach Warren  
  40  3:27  Overlord  
  40  3:35  Overlord  
  40  3:39  Lair  
  40  3:45  Queen  
  40  3:48  Drone x2  
  44  3:50  Overlord  
  44  3:53  Overlord  
  44  3:54  Drone  
  44  3:55  Drone x5  
  50  4:01  Drone  
  51  4:08  Drone  
  52  4:13  Drone x2  
  52  4:16  Drone  
  52  4:17  Drone x4, Extractor x2  
  59  4:19  Drone x2  
  61  4:24  Roach x2  
  63  4:34  Roach x2  
  63  4:38  Overseer  
  67  4:49  Overlord x3  
  69  4:52  Roach  
  69  4:53  Roach x2  
  69  4:56  Overlord x2  
  70  5:17  Drone x8  
  70  5:19  Roach x3  
  83  5:36  Roach  
  83  5:37  Roach x7  
  99  5:50  Drone  
  99  5:51  Drone x3  
  99  5:55  Drone x5  
  99  5:56  Drone x5  
  113  5:58  Evolution Chamber  
  113  5:59  Evolution Chamber  
  113  6:00  Extractor  
  113  6:01  Extractor, Hydralisk Den  
  113  6:02  Extractor  
  113  6:03  Drone x2  
  109  6:15  Overseer  
  109  6:16  Hatchery  
  108  6:25  Zerg Missile Weapons Level 1, Zerg Ground Armor Level 1  
  108  6:29  Overlord x3  
  108  6:46  Overlord x8  
  108  6:51  Grooved Spines  
  109  6:54  Drone x2  
  109  6:56  Drone  
  109  6:57  Drone x7  
  118  7:13  Drone  
  118  7:14  Drone x8  
  127  7:32  Drone x8, Extractor  
  127  7:33  Extractor  
  127  7:36  Hatchery  
  128  7:39  Hydralisk  
  128  7:40  Hydralisk x3  
  128  7:43  Hydralisk x6  
  146  7:53  Drone  
  146  7:54  Hydralisk x5  
  146  7:55  Spire  
  156  8:03  Muscular Augments  
  156  8:09  Drone x4  
  156  8:11  Hydralisk x8  
  176  8:25  Hydralisk  
  176  8:26  Hydralisk x4  
  184  8:28  Overlord x3  
  184  8:56  Hydralisk  
  184  8:57  Hydralisk x7  
  184  8:59  Zerg Ground Armor Level 2, Zerg Missile Weapons Level 2  
  200  9:06  Infestation Pit  
  199  9:11  Drone x3, Extractor x2  
  196  10:02  Hive  
  178  10:33  Roach x17  
  178  10:34  Hydralisk x4  
  178  10:35  Hydralisk x3  
  200  10:40  Glial Reconstitution  
  192  10:43  Lurker Den  
  157  10:58  Hydralisk  
  157  10:59  Hydralisk x18  
  185  11:05  Overseer x2  
  179  11:11  Hydralisk  
  179  11:12  Hydralisk x6  
  193  11:20  Hydralisk  
  193  11:21  Hydralisk x2  
  193  11:23  Drone  
  198  11:42  Pneumatized Carapace  
  184  11:53  Hydralisk x7  
  184  11:54  Hydralisk x3  
  186  12:05  Hydralisk  
  186  12:06  Hydralisk x2  
  186  12:08  Overlord x6  
  190  12:09  Overseer x2  
  190  12:18  Spore Crawler  
  190  12:19  Spine Crawler x2  
  190  12:20  Spine Crawler, Spore Crawler  
  190  12:21  Spine Crawler  
  190  12:22  Spore Crawler  
  183  12:23  Spine Crawler x2  
  183  12:24  Spore Crawler  
  183  12:25  Drone x11, Spine Crawler  
  183  12:26  Spine Crawler  
  183  12:27  Drone x2  
  183  12:28  Drone x9  
  183  12:29  Spore Crawler  
  199  12:31  Spine Crawler x2  
  197  12:43  Hatchery  
  196  12:47  Spine Crawler x2, Spore Crawler  
  179  13:03  Hydralisk, Viper, Roach x9  
  179  13:04  Hydralisk  
Tags
 
Add a new tag
Caveats
  • Supply blocks, unpowered buildings, or Contaminate may cause inaccurate times.
  • Supply counts are checked every 10 seconds.